 Dungeon Crawl Stone Soup version 0.30-a0-782-ge64f9170bb (console) character file.

Game seed: 1776370649533639199

22969 utis the Destroyer (level 13, -22/82 HPs)
             Began as a Tengu Hedge Wizard on Feb 26, 2023.
             Annihilated by a bog body (26 damage)
             ... on level 3 of the Lair of Beasts.
             The game lasted 01:01:03 (18227 turns).

utis the Destroyer (Tengu Hedge Wizard)            Turns: 18227, Time: 01:01:03

Health: -22/82     AC: 15    Str: 16    XL:     13   Next: 3%
Magic:  22/22      EV: 21    Int: 19    God:
Gold:   880        SH:  0    Dex: 13    Spells: 2/23 levels left

rFire   . . .      SeeInvis .    a - +11 hand axe {drain, rPois Str+4 Stlth+}
rCold   . . .      Faith    .    (no shield)
rNeg    . . .      Spirit   .    u - +3 scale mail {rPois}
rPois   +          Reflect  .    c - +1 hat
rElec   .          Harm     .    j - +0 cloak
rCorr   .          Rampage  .    Z - +1 pair of gloves
Will    .....                    (boots unavailable)
Stlth   ++                       g - amulet of regeneration {@e1}
HPRegen 1.13/turn                Y - +4 ring of slaying
MPRegen 0.18/turn                E - +5 ring of evasion

@: flying quickly and evasively, slowed, very slow
A: beak, talons 3, nimble flight
a: no special abilities


You were on level 3 of the Lair of Beasts.
You visited 2 branches of the dungeon, and saw 13 of its levels.
You also visited: Ossuary.

You collected 880 gold pieces.

Inventory:

Hand Weapons
 a - the +11 hand axe "Qufaev" (weapon) {drain, rPois Str+4 Stlth+}
   (You found it on level 5 of the Dungeon)

   Str:       It affects your strength (+4).
   rPois:     It protects you from poison.
   Stlth:     It makes you more stealthy.
 i - a +0 whip
 k - a +0 short sword
 x - a +0 quarterstaff
 y - a +1 flail of protection
 G - a +0 dagger
 W - a +6 long sword of freezing
Missiles
 t - 3 throwing nets {=f}
Armour
 c - a +1 hat (worn)
 j - a +0 cloak (worn)
 u - a +3 scale mail of poison resistance (worn)
 F - a +1 kite shield of reflection
 Q - a +0 cloak
 Z - a +1 pair of gloves (worn)
Magical Staves
 w - a staff of earth
 X - a staff of cold
Jewellery
 g - an amulet of regeneration (around neck) {@e1}
 n - a ring of positive energy
 v - a ring of see invisible
 E - a +5 ring of evasion (right hand)
 H - an amulet of faith {!P}
 K - an amulet of reflection
 L - an amulet of reflection
 N - a ring of positive energy
 O - a +4 ring of protection
 P - a ring of poison resistance
 S - a +6 ring of strength
 Y - a +4 ring of slaying (left hand)
Wands
 p - a wand of polymorph (12)
 r - a wand of flame (22)
 B - a wand of quicksilver (7)
 C - a wand of paralysis (17)
 M - a wand of roots (14)
 U - a wand of mindburst (10)
 V - a wand of digging (4)
Scrolls
 b - a scroll of poison
 f - 2 scrolls of vulnerability
 o - 5 scrolls of fear
 s - 7 scrolls of teleportation {@r4}
 J - 3 scrolls of enchant weapon
 R - a scroll of fog
Potions
 d - a potion of magic
 e - 5 potions of curing {@q1}
 h - 2 potions of ambrosia
 l - 5 potions of might
 m - 3 potions of heal wounds {@q2}
 q - a potion of berserk rage {unknown}
 z - 7 potions of lignification
 A - a potion of resistance {unknown}
 D - 2 potions of haste {unknown}
 I - 6 potions of brilliance
 T - 4 potions of attraction


   Skills:
 - Level 10.0 Fighting
 + Level 6.8 Armour
 - Level 10.8 Dodging
 - Level 3.0 Stealth
 + Level 5.9 Spellcasting
 - Level 11.0 Conjurations
 - Level 3.0 Hexes
 - Level 3.0 Summonings
 - Level 2.0 Necromancy
 - Level 3.0 Translocations
 - Level 4.0 Ice Magic
 + Level 8.8 Air Magic
 - Level 3.0 Poison Magic
 - Level 3.0 Evocations


You had 2 spell levels left.
You knew the following spells:

 Your Spells              Type           Power      Damage    Failure   Level
c - Freezing Cloud        Conj/Ice/Air   17%        6-21      36%         5
d - Mephitic Cloud        Conj/Pois/Air  34%        N/A       4%          3
p - Call Imp              Summ           17%        N/A       16%         2
v - Blink                 Tloc           34%        N/A       16%         2
z - Magic Dart            Conj           100%       1d8       1%          1
W - Hailstorm             Conj/Ice       34%        3d9       4%          3
X - Dazzling Flash        Conj/Hex       64%        N/A       6%          3
Y - Cigotuvi's Dreadful   Necr/Pois/Air  46%        N/A       9%          2

Your spell library contained the following spells:

 Spells                   Type           Power      Damage    Failure   Level
 Kiss of Death            Conj/Necr      100%       2d13      2%          1
 Freeze                   Ice            80%        1d9       7%          1
 Slow                     Hex            68%        N/A       11%         1
 Necrotise                Necr           52%        1d6       16%         1
 Frozen Ramparts          Ice            40%        1d7       21%         3
 Kindle Blastsparks       Fire/Tloc/Air  40%        2d13      22%         3
 Confusing Touch          Hex            17%        N/A       30%         3
 Portal Projectile        Hex/Tloc       34%        N/A       30%         3
 Tukima's Dance           Hex            17%        N/A       30%         3
 Flame Wave               Conj/Fire      26%        2d8       34%         4
 Sticky Flame             Conj/Fire      26%        2d5       34%         4
 Vampiric Draining        Necr           13%        2d6       43%         3
 Inner Flame              Hex/Fire       11%        N/A       50%         3
 Ignite Poison            Fire/Tmut/Pois 9%         N/A       56%         3
 Silence                  Hex/Air        14%        N/A       65%         5
 Passage of Golubria      Tloc           17%        N/A       71%         4
 Dispel Undead            Necr           13%        3d9       83%         4
 Agony                    Necr           13%        N/A       99%         5
 Yara's Violent Unravell  Hex/Tmut       5%         3d4       99%         5
 Blade Hands              Tmut           2%         N/A       100%        5


Dungeon Overview and Level Annotations

Branches:
Dungeon (10/15)            Temple (0/1) D:4            Lair (3/5) D:9
  Swamp (0/4) Lair:3       Spider (0/4) Lair:3          Orc (0/2) D:10
Ossuary (visited)

Altars:
Ashenzari
Elyvilon
Okawaru
Qazlal
Ru
Uskayaw
Vehumet
Yredelemnul

Shops:
D:3 [


Innate Abilities, Weirdness & Mutations

You have a beak for a mouth.
You have claws for feet.
Your magical nature lets you fly swiftly and evasively.


Message History

You see here a ring of see invisible. 2 bog bodies come into view.
Found a staircase to the Swamp.
You start waiting.
A bog body is nearby!
There is a fountain of clear blue water here.
You start waiting.
A bog body is nearby!
You see here a bog body corpse.
You start waiting.
A bog body is nearby!
The bog body misses you.
You hit the bog body but do no damage. The bog body casts a spell at you.
The bolt of cold misses you. The bog body completely misses you.
You barely miss the bog body. The bog body misses you.
You barely miss the bog body. You claw the bog body. You punch the bog body.
The bog body is lightly damaged.
You hit the bog body. The bog body touches you. The bog body freezes you!!
The bog body gestures at you while chanting.
You resist with significant effort.
The bog body gestures at you while chanting.
You resist with significant effort.
You closely miss the bog body. Your punch misses the bog body.
The bog body is lightly damaged.
You hit the bog body. The bog body casts a spell at you.
The bolt of cold hits you! The bog body closely misses you.
The bog body points at you and mumbles some strange words.
You feel yourself slow down.
You slash the bog body! You claw the bog body. You peck the bog body!
The bog body is severely damaged.
You completely miss the bog body. The bog body barely misses you.
The bog body points at you and mumbles some strange words.
The bolt of cold misses you. The bog body touches you.
The bog body freezes you!!
* * * LOW HITPOINT WARNING * * *
The bog body touches you!
* * * LOW HITPOINT WARNING * * *
The bog body freezes you!!
You die...

░..░░░░░......░░ ░░░..░░░
░░.⚶░.░░░░....░ ░.....░
░░....░░░.....░ ░░░.░░░░
...⚵...÷......░ ░░░⚶..░
...░.░.░░....░░░░░ ░.....░░░
...░░░░░.░.....░.░░░░.......░░░░
..░░ ░░░.░░.........░░.....░.░░
..░ ░░░░.░..........░.░....░░
..░ ♣░░░..░░░.nQ......░.░..░░...
♣♣♣ ♣.......░░░n........░.░░░░░.
♣♣♣♣♣♣♣♣♣♣♣...░░...........░ ░..
~~≈~~n~~~~♣♣♣..░..........░░ ░..
....=♣....n..⌠.............░ ░░.
.♣.....♣.♣...⌠.............░ ░░
≈~≈~~~~~≈~♣♣♣.............░░
♣♣♣♣♣♣♣♣♣♣♣..............░░ ░░░
♣........░.......░░░.░ ░░.░░


You could see 2 bog bodies.

Vanquished Creatures
  Snorg (Lair:3)
  A centaur warrior (D:9)
  A two-headed ogre (D:10)
  Urug (D:10)
  A skyshark (Lair:3)
  A lindwurm (Lair:1)
  2 bog bodies (Lair:3)
  Pikel (D:8)
  A wolf spider (Lair:3)
  An oklob plant (Lair:2)
  Maurice (D:8)
  3 black mambas (Lair:1)
  5 elephants (Lair:3)
  3 cane toads
  2 rime drakes
  A komodo dragon (Lair:1)
  Grinder (D:5)
  3 polar bears
  Prince Ribbit (D:8)
  9 blink frogs
  A shadow (D:10)
  A spriggan (Lair:2)
  24 yaks
  4 wyverns
  2 basilisks
  Edmund (D:4)
  2 swamp worms (Lair:3)
  9 water moccasins
  2 ice beasts (D:8)
  7 orc warriors
  2 sky beasts
  2 black bears
  3 wolves (Lair:2)
  3 centaurs
  2 lemures (D:8)
  2 kobold brigands
  A phantom (D:4)
  A gnoll sergeant (D:9)
  6 bullfrogs
  3 necrophages
  3 scorpions (D:6)
  5 water moccasin zombies (Ossuary)
  3 wights (D:8)
  A howler monkey (D:6)
  2 hounds
  A jelly (D:6)
  7 orc priests
  A gnoll bouda (D:10)
  Terence (D:3)
  4 hell rats (Lair:2)
  2 iguanas
  8 orc wizards
  2 mummies (Ossuary)
  11 gnolls
  8 adders
  2 white imps
  An ufetubus (D:5)
  An adder zombie (Ossuary)
  2 worms
  53 orcs
  6 endoplasms
  9 giant cockroaches
  7 gnoll zombies (Ossuary)
  3 goblins (D:1)
  5 hobgoblins
  19 kobolds
  6 quokkas
  4 ball pythons
  4 bats
  4 frilled lizards (D:1)
  4 hobgoblin zombies (Ossuary)
  5 kobold zombies (Ossuary)
  An orc zombie (Ossuary)
  5 rats
318 creatures vanquished.

Vanquished Creatures (others)
  11 fungi
  36 plants
47 creatures vanquished.

Grand Total: 365 creatures vanquished

Notes
Turn   | Place    | Note
-------+----------+-------------------------------------------
     0 | D:1      | utis the Tengu Hedge Wizard began the quest for the Orb.
     0 | D:1      | Reached XP level 1. HP: 10/10 MP: 5/5
   251 | D:1      | Reached skill level 2 in Conjurations
   330 | D:1      | Reached XP level 2. HP: 15/15 MP: 4/7
   910 | D:1      | Learned a level 2 spell: Call Imp
   913 | D:1      | Learned a level 2 spell: Blink
  1215 | D:1      | Reached XP level 3. HP: 19/19 MP: 4/8
  1591 | D:2      | Reached skill level 3 in Conjurations
  1684 | D:2      | Found a faded altar of an unknown god.
  2292 | D:2      | Learned a level 3 spell: Mephitic Cloud
  2469 | D:3      | Found a white marble altar of Elyvilon.
  2615 | D:3      | Reached XP level 4. HP: 24/24 MP: 5/9
  2787 | D:3      | Noticed Terence
  2812 | D:3      | Killed Terence
  2813 | D:3      | Reached skill level 1 in Air Magic
  3309 | D:3      | Reached skill level 4 in Conjurations
  3579 | D:3      | Reached skill level 1 in Armour
  3579 | D:3      | Gained mutation: Your magical nature lets you fly swiftly
                  | and evasively. [Tengu growth]
  3579 | D:3      | Reached XP level 5. HP: 28/28 MP: 6/10
  3608 | D:3      | Learned a level 2 spell: Cigotuvi's Dreadful Rot
  3685 | D:3      | Found Hoeziodd's Armour Shop.
  4092 | D:4      | Noticed Edmund
  4342 | D:4      | Killed Edmund
  4343 | D:4      | Reached skill level 6 in Conjurations
  4343 | D:4      | Reached XP level 6. HP: 20/32 MP: 11/11
  4371 | D:4      | Reached skill level 1 in Poison Magic
  4714 | D:4      | Found a staircase to the Ecumenical Temple.
  4835 | D:4      | Reached skill level 1 in Fighting
  5032 | D:4      | Reached XP level 7. HP: 38/38 MP: 12/12
  5351 | D:5      | Entered Level 5 of the Dungeon
  5467 | D:5      | Found a sand-covered staircase.
  5473 | Ossuary  | Entered an ossuary
  5936 | Ossuary  | Reached XP level 8. HP: 45/46 MP: 13/13
  6505 | Ossuary  | Reached skill level 5 in Air Magic
  6674 | D:5      | Found a radiant altar of Vehumet.
  6728 | D:5      | Found a stormy altar of Qazlal.
  7145 | D:5      | Found a hide-covered altar of Uskayaw.
  7272 | D:5      | Found an iron altar of Okawaru.
  7280 | D:5      | Identified the +11 hand axe "Qufaev" {drain, rPois Str+4
                  | Stlth+}
  7349 | D:5      | Noticed Grinder
  7353 | D:5      | Paralysed by Grinder for 2 turns
  7386 | D:5      | Paralysed by Grinder for 2 turns
  7390 | D:5      | Paralysed by Grinder for 2 turns
  7396 | D:5      | Killed Grinder
  7397 | D:5      | Reached skill level 1 in Necromancy
  8025 | D:6      | Reached skill level 1 in Evocations
  8433 | D:6      | Reached skill level 1 in Translocations
  8433 | D:6      | Reached XP level 9. HP: 51/51 MP: 11/15
  8578 | D:6      | Found a broken altar of Ashenzari.
  8788 | D:6      | Found a sacrificial altar of Ru.
  9105 | D:7      | Found a basalt altar of Yredelemnul.
  9288 | D:7      | Reached skill level 5 in Dodging
  9346 | D:7      | You are sucked into a shaft and drop 2 floors!
  9624 | D:9      | Reached skill level 5 in Fighting
 10044 | D:6      | Reached XP level 10. HP: 60/60 MP: 17/17
 10246 | D:8      | Noticed Prince Ribbit
 10252 | D:8      | Killed Prince Ribbit
 10257 | D:8      | Learned a level 3 spell: Dazzling Flash
 10509 | D:8      | Noticed Pikel
 10521 | D:8      | Killed Pikel
 10522 | D:8      | Reached skill level 1 in Hexes
 10806 | D:8      | Noticed Maurice
 10848 | D:8      | Killed Maurice
 10849 | D:8      | Reached skill level 7 in Conjurations
 11440 | D:9      | Noticed a centaur warrior
 11457 | D:9      | Killed a centaur warrior
 11470 | D:9      | Found a staircase to the Lair.
 11683 | D:9      | Reached skill level 8 in Conjurations
 11811 | D:10     | Entered Level 10 of the Dungeon
 11850 | D:10     | Noticed Urug
 11920 | D:10     | Killed Urug
 11921 | D:10     | Reached XP level 11. HP: 68/68 MP: 12/18
 12067 | D:10     | Learned a level 5 spell: Freezing Cloud
 12067 | D:10     | ups
 12448 | D:10     | Found a staircase to the Orcish Mines.
 13271 | D:10     | Noticed a two-headed ogre
 13297 | D:10     | Killed a two-headed ogre
 13490 | Lair:1   | Entered Level 1 of the Lair of Beasts
 13823 | Lair:1   | Reached skill level 9 in Conjurations
 14108 | Lair:1   | Reached skill level 10 in Dodging
 14155 | Lair:1   | Noticed a lindwurm
 14197 | Lair:1   | Reached skill level 10 in Conjurations
 14232 | Lair:1   | Killed a lindwurm
 14265 | Lair:1   | Found a dark tunnel.
 14273 | Lair:1   | fuck you
 14273 | Lair:1   | fuck you all
 14631 | Lair:1   | Reached XP level 12. HP: 74/76 MP: 19/19
 15000 | Lair:2   | Reached skill level 11 in Conjurations
 15137 | Lair:2   | Reached skill level 10 in Fighting
 15838 | Lair:2   | Reached skill level 1 in Ice Magic
 16374 | Lair:2   | Reached skill level 5 in Armour
 16878 | Lair:3   | Noticed Snorg
 16918 | Lair:3   | Killed Snorg
 16997 | Lair:3   | Reached skill level 5 in Spellcasting
 17140 | Lair:3   | Found a hole to the Spider Nest.
 17981 | Lair:3   | Reached XP level 13. HP: 82/82 MP: 22/22
 17985 | Lair:3   | Learned a level 3 spell: Hailstorm
 18194 | Lair:3   | Found a staircase to the Swamp.
 18227 | Lair:3   | HP: 4/82 [bog body (13)]
 18227 | Lair:3   | Annihilated by a bog body

Illustrated notes

.. ░░░.. ░░..░
░░░░.░.░░░.<....).░░░░░..░░
░....................░.....
░.░................░...░░.░
░░..░░............░░...░░░.░
░░░░░░...░.░..........░.░...░
░..
..........░.░░......░░.░...░░
░░. ░..)...░░.░....░.░░....░
░. ░......░.░.░Q.░.░.░....░
░░
░░......░.░░o.░░.░.....░░░░░░
░.......░░....░░...........░
░...........................
░░....................░░....
░......░░....░░......░░░...
░.....░.░░..░░.░.....░░░...
░....░.░.░.o░.░.░....░░....
░....░░.░....░.░░..........


Turn 12067 on D:10: ups ░......░░░ ░░............ ..░..░.░░░ ░░......†░....░
.........░ ░..⚵....░░░░░░░ ........░░ ░░......░░ .......░░ ░.......░ .....░░░
░......░░ .....░ ░░░....░ .░░.░░ ░░░░░░░..░░ ░░░░░ ░.Q.░░░..░ ░.≈..░░.░░
░.≈..░░.^░ ░.§§.░░░░░ ░.§§.░░.░░ ░░.≈≈.░░..░░░░ ░.░░..§..░░.....░
░..░░..≈.░░░.....░░░░ ░░...░░..≈.░ ░░░░<....░░ Turn 14273 on Lair:1: fuck you

Levels and vault maps discovered:
D:1:      spicycebolla_arrival_risky_transporter, layout_loops_ring
D:2:      layout_basic, nicolae_ecumenical_oubliette
D:3:      layout_basic, mainiacjoe_overflow_cross_hatched, serial_shops,
          shop_statue, serial_bayou_lake_a, uniq_terence
D:4:      layout_loops_ring, temple_hall, chequers_serial_rivers_micro_b,
          uniq_edmund
D:5:      layout_loops_corners, nicolae_uskayaw_suspiria,
          okawaru_ov_weapons_minmay, jmf_multi_god_temple, enter_ossuary_1,
          corexii_item_surrounded_by_moat, nicolae_fountain_basement,
          uniq_grinder
D:6:      layout_cave_pods, kennysheep_mini_moat, marbit_many_paths,
          minmay_misc_feat_chi, minivault_5
D:7:      layout_gridville, mainiacjoe_overflow_24_doors
D:8:      layout_loops_cross, uniq_maurice, uniq_prince_ribbit1, uniq_pikel
D:9:      layout_rooms, lair_entry_dummy, special_room [special_room_orc],
          minmay_unpleasant_kobolds
D:10:     layout_layer_cave, orc_0_dummy, minmay_misc_feat_secret_circle,
          chequers_serial_rivers_room_a, uniq_urug
Lair:1:   layout_cave_pods, nicolae_volcano_entry_vermiform, grunt_megastairs_2,
          serial_bayou_shore_b, lemuel_fruit_fields, serial_bayou_shore_b
Lair:2:   layout_layer_cave, grunt_forest_stairs_clearing, grunt_megastairs_3
Lair:3:   layout_cave_pods, nicolae_swamp_entry_splash_gauntlet,
          spider_nest_entry_rubble, lemuel_fruit_fields, uniq_snorg

Skill      XL: |  1  2  3  4  5  6  7  8  9 10 11 12 13 |
---------------+----------------------------------------+-----
Conjurations   | 2 3 4 6 8 10 11 | 11.0
Dodging        | 3 4 6 8 10 | 10.8
Air Magic      | 1 2 4 5 6 8 |  8.8
Armour         | 1 2 3 4 6 |  6.8
Poison Magic   | 1 2 3 |  3.0
Fighting       | 1 3 5 8 9 10 | 10.0
Necromancy     | 1 2 |  2.0
Evocations     | 3 |  3.0
Summonings     | 3 |  3.0
Translocations | 1 3 |  3.0
Spellcasting   | 4 5 |  5.9
Stealth        | 3 |  3.0
Hexes          | 2 3 |  3.0
Ice Magic      | 3 4 |  4.0

Action                     |  1- 3 |  4- 6 |  7- 9 | 10-12 | 13-15 || total
---------------------------+-------+-------+-------+-------+-------++-------
  Melee: Dagger            |     5 |       |       |       |       ||     5
         Kick              |     4 |    29 |    54 |   139 |     4 ||   230
         Short sword       |     4 |    96 |    82 |       |       ||   182
         Peck              |       |    18 |    25 |    85 |     1 ||   129
         Punch             |       |       |     2 |     7 |     1 ||    10
         Hand axe          |       |       |    92 |   392 |     7 ||   491
   Cast: Magic Dart        |    99 |    61 |   151 |   128 |     2 ||   441
         Call Imp          |       |     2 |       |     2 |       ||     4
         Mephitic Cloud    |       |       |       |    19 |       ||    19
         Dazzling Flash    |       |       |       |    26 |       ||    26
    Use: Scroll            |     3 |     1 |     9 |     9 |       ||    22
   Stab: Confused          |       |       |       |     9 |       ||     9
         Invisible         |       |       |       |     3 |       ||     3
         Sleeping          |       |       |       |     1 |       ||     1
 Armour: Robe              |     1 |       |       |       |       ||     1
         Scale mail        |       |    25 |    55 |    92 |       ||   172
         Ring mail         |       |     1 |       |       |       ||     1
  Dodge: Dodged            |     6 |    39 |   123 |   390 |     8 ||   566

Table legend: (Time is in decaauts)
 A = Elapsed time spent in this place.
 B = Non-inter-level travel time spent in this place.
 C = Inter-level travel time spent in this place.
 D = Time resting spent in this place.
 E = Time spent auto-exploring this place.
 F = Levels seen in this place.
 G = Mean time per level.
                   A        B        C        D        E       F      G
               +--------+--------+--------+--------+--------+-----+--------+
         Total |  17400 |  16622 |    778 |   3560 |   9009 |  14 | 1242.9 |
       Dungeon |  11832 |  11276 |    556 |   2261 |   6429 |  10 | 1183.2 |
          Lair |   4475 |   4254 |    221 |    613 |   2435 |   3 | 1491.7 |
       Ossuary |   1092 |   1092 |      0 |    685 |    145 |   1 | 1092.0 |
               +--------+--------+--------+--------+--------+-----+--------+

Top non-repeatable levels by time:
  Lair:3: 1685 daAuts
     D:3: 1639 daAuts
    D:10: 1483 daAuts
     D:1: 1464 daAuts
  Lair:1: 1401 daAuts
  Lair:2: 1388 daAuts
     D:6: 1157 daAuts
     D:5: 1119 daAuts
     D:4: 1113 daAuts
 Ossuary: 1092 daAuts
     D:2: 1078 daAuts
     D:8: 1030 daAuts
     D:9: 966 daAuts
     D:7: 780 daAuts
